 Dungeon Crawl Stone Soup version 0.29.1-1-gd02db6906a (webtiles) character file.

Game seed: 6601401186565024987

212 safid the Shooter (level 5, -3/45 HPs)
             Began as a Minotaur Hunter on Oct 7, 2022.
             Killed by divine providence
             ... invoked by an orc priest
              (11 damage)
             ... on level 3 of the Dungeon.
             The game lasted 00:05:04 (2998 turns).

safid the Shooter (Minotaur Hunter)                 Turns: 2998, Time: 00:05:04

Health: -3/45      AC: 10    Str: 15    XL:     5   Next: 58%
Magic:  0/4        EV: 11    Int:  6    God:
Gold:   108        SH:  0    Dex: 16    Spells: 4/4 levels left

rFire   + + .      SeeInvis .   a - +0 shortbow
rCold   . . .      Faith    .   (shield currently unavailable)
rNeg    . . .      Spirit   +   k - +0 ring mail
rPois   .          Reflect  .   (helmet restricted)
rElec   .          Harm     .   (no cloak)
rCorr   .          Rampage  .   o - +0 pair of gloves of Caarack {rF++}
Will    .....                   (no boots)
Stlth   +.........              n - amulet of guardian spirit
HPRegen 0.15/turn               m - +4 ring of protection
MPRegen 0.09/turn               (no ring)

@: no status effects
A: horns 2, retaliatory headbutt
a: no special abilities


You were on level 3 of the Dungeon.
You visited 1 branch of the dungeon, and saw 3 of its levels.

You collected 108 gold pieces.

Inventory:

Hand Weapons
 a - a +0 shortbow (weapon)
Missiles
 p - 3 javelins
Armour
 k - a +0 ring mail (worn)
 o - the +0 pair of gloves of Caarack (worn) {rF++}
   (You found it on level 3 of the Dungeon)

   rF:        It greatly protects you from fire.
Jewellery
 m - a +4 ring of protection (left hand)
 n - an amulet of guardian spirit (around neck)
Scrolls
 b - a scroll of immolation
 c - a scroll of summoning {unknown}
 d - a scroll of amnesia {unknown}
 e - 3 scrolls of teleportation {unknown}
 f - 3 scrolls of identify {unknown}
 h - a scroll of noise {unknown}
 i - a scroll of fear {unknown}
 l - 2 scrolls of magic mapping {unknown}
 t - a scroll of brand weapon {unknown}
Potions
 g - a potion of curing {unknown}
 j - a potion of berserk rage {unknown}
 q - a potion of brilliance {unknown}
 r - 2 potions of lignification {unknown}
 s - a potion of might {unknown}


   Skills:
 - Level 3.0 Fighting
 + Level 7.4 Ranged Weapons
 - Level 2.1 Dodging
 - Level 0.7 Stealth


You had 4 spell levels left.
You didn't know any spells.
Your spell library contained the following spells:

 Spells                   Type           Power      Damage    Failure   Level
 Necrotise                Necr           0%         1d4       69%         1
 Vampiric Draining        Necr           0%         2d6       96%         3
 Agony                    Necr           0%         N/A       100%        5


Dungeon Overview and Level Annotations

Branches:
Dungeon (3/15)

Altars:
Cheibriados
Yredelemnul

Shops:
D:1 =   D:2 (


Innate Abilities, Weirdness & Mutations

You have a pair of horns on your head.
You reflexively headbutt those who attack you in melee.


Message History

You hear a shout!
The orc priest hits you but does no damage.
You shoot an arrow. The arrow hits the orc priest.
The orc priest is moderately wounded.
An orc priest comes into view. It is wielding a +0 mace.
The orc priest closely misses you. You furiously retaliate!
You headbutt the orc priest, but do no damage.
You shoot an arrow. The arrow hits the orc priest!
The orc priest is almost dead.
The orc priest invokes the aid of Beogh against you.
Beogh smites you!
You shoot an arrow.
The arrow hits the orc but does no damage.
The orc barely misses you.
You shoot an arrow.
The arrow closely misses the orc priest.
The orc barely misses you. The orc priest closely misses you.
You shoot an arrow.
The arrow hits the orc priest but does no damage.
The orc priest is almost dead.
The orc barely misses you.
The orc priest invokes the aid of Beogh against you.
Beogh smites you!
You shoot an arrow.
The arrow closely misses the orc priest.
The orc hits you but does no damage. The orc priest barely misses you.
The orc priest invokes the aid of Beogh against you.
Pain shoots through your body!
You shoot an arrow.
The arrow hits the orc priest but does no damage.
The orc priest is almost dead.
The orc hits you with a +0 short sword. The orc priest hits you with a +0 mace.
The orc priest invokes the aid of Beogh against you.
Pain shoots through your body!
* * * LOW HITPOINT WARNING * * *
The orc hits you but does no damage.
The orc priest hits you but does no damage.
The orc priest mumbles some strange prayers to Beogh against you.
Beogh smites you!
You die...

.........##...# #.#
............####..._ #.#
.###......### #.._) #.#
.# #......# #.... #.# .#
##..#..# #.8.#
.####..#..#####...#
...##..#......#...#
...##..##.#####ooo#
.......##)# #.@.#
...##..##.# ###.#
...##..##.#######.#
.####.............# .#
#.###.######### .####.#
#.# ###
......###.#############.#
........................#
#########.###############


You could see 2 orc priests and an orc.

Vanquished Creatures
  A hound (D:3)
  An orc priest (D:2)
  An orc wizard (D:2)
  3 adders
  An ufetubus (D:3)
  A worm (D:2)
  3 dart slugs
  3 orcs
  14 ball pythons
  5 bats
  6 endoplasms
  2 giant cockroaches (D:1)
  4 goblins
  4 hobgoblins
  9 jackals (D:2)
  6 quokkas
  7 frilled lizards
  5 kobolds (D:2)
  3 rats (D:3)
79 creatures vanquished.

Notes
Turn   | Place    | Note
-------+----------+-------------------------------------------
     0 | D:1      | safid the Minotaur Hunter began the quest for the Orb.
     0 | D:1      | Reached XP level 1. HP: 18/18 MP: 0/0
   214 | D:1      | Reached XP level 2. HP: 25/25 MP: 1/1
   406 | D:1      | Reached skill level 5 in Ranged Weapons
   602 | D:1      | Found Rocsux's Jewellery Boutique.
   720 | D:1      | Found a faded altar of an unknown god.
   924 | D:2      | Reached XP level 3. HP: 31/31 MP: 2/2
  1453 | D:2      | Reached skill level 6 in Ranged Weapons
  1453 | D:2      | Reached XP level 4. HP: 34/38 MP: 1/3
  1625 | D:2      | Found Toefog's Antique Weapon Boutique.
  2306 | D:3      | Reached XP level 5. HP: 45/45 MP: 4/4
  2338 | D:3      | Identified the +0 pair of gloves of Caarack {rF++}
  2426 | D:3      | Reached skill level 7 in Ranged Weapons
  2985 | D:3      | Found a snail-covered altar of Cheibriados.
  2987 | D:3      | Found a basalt altar of Yredelemnul.
  2998 | D:3      | Killed from afar by an orc priest

Illustrated notes

Levels and vault maps discovered:
D:1:      mushboom_english_gardens, layout_basic, serial_co_window_serial,
          co_window_paths_b, co_window_paths_a, co_window_paths_a,
          co_window_corner_a, co_window_corner_a, co_window_corner_b,
          co_window_of_opportunity_b, co_window_corner_b, glass_columns_b,
          glass_columns_c, glass_columns_a, serial_shops, nicolae_shop_trees,
          shapermc_ecumenical_altar_mp_highgroup
D:2:      layout_loops_corners, serial_shops, shop_statue
D:3:      wad_river_or_something, layout_loops_ring,
          nicolae_overflow_hallway_of_the_gods

Skill      XL: |  1  2  3  4  5 |
---------------+----------------+-----
Fighting       | 3 |  3.0
Ranged Weapons | 5 6 7 |  7.4
Dodging        | |  2.1
Stealth        | |  0.7

Action                   |  1- 3 |  4- 6 || total
-------------------------+-------+-------++-------
 Fire: Shortbow          |   119 |   114 ||   233
Armor: Leather armour    |     8 |       ||     8
       Ring mail         |    14 |    34 ||    48
Dodge: Dodged            |    39 |    20 ||    59
